 Dungeon Crawl Stone Soup version 0.21-a0-352-g5b8f553 (webtiles) character file.

7 tidbits the Skirmisher (level 2, 7/26 HPs)
             Began as a Gnoll Wanderer on Oct 10, 2017.
             Quit the game on level 1 of the Dungeon.
             The game lasted 00:01:33 (119 turns).

tidbits the Skirmisher (Gnoll Wanderer)              Turns: 119, Time: 00:01:34

Health: 7/26       AC:  6    Str: 13    XL:     2   Next: 4%
Magic:  2/2        EV: 10    Int: 17    God:
Gold:   0          SH:  0    Dex: 12    Spells: 1/1 levels left

rFire    . . .     SeeInvis .   d - +0 club
rCold    . . .     Gourm    .   (no shield)
rNeg     . . .     Faith    .   b - +0 ring mail
rPois    .         Spirit   .   (no helmet)
rElec    .         Reflect  .   (no cloak)
rCorr    .         Harm     .   (no gloves)
MR       .....                  (no boots)
Stlth    +.........             e - amulet of inaccuracy (curse)
HPRegen  0.08/turn              (no ring)
MPRegen  0.08/turn              (no ring)

@: seriously poisoned (7 -> 2)
A: distributed training, fangs 1, strong nose
a: no special abilities


You were on level 1 of the Dungeon.
You were not hungry.

You visited 1 branch of the dungeon, and saw 2 of its levels.

Inventory:

Hand Weapons
 d - a +0 club (weapon)
Armour
 b - a +0 ring mail (worn)
Jewellery
 e - a cursed amulet of inaccuracy (around neck)
   (You found it on level 1 of the Dungeon)
Books
 a - a book of Spatial Translocations

   Spells                             Type                      Level
   a - Blink                          Translocation                2
   b - Shroud of Golubria             Charms/Translocation         2
   c - Lesser Beckoning               Translocation                3
   d - Gell's Gravitas                Translocation                3
   e - Teleport Other                 Translocation                3
   f - Passage of Golubria            Translocation                4
 c - the Reference Book on Black Magic

   Spells                             Type                      Level
   a - Corpse Rot                     Necromancy                   2
   b - Sublimation of Blood           Necromancy                   2
Comestibles
 f - a bread ration


   Skills:
 + Level 4.4 Fighting
 + Level 0.2 Short Blades
 + Level 0.2 Long Blades
 + Level 0.2 Axes
 + Level 2.4 Maces & Flails
 + Level 0.2 Polearms
 + Level 0.2 Staves
 + Level 0.2 Slings
 + Level 0.2 Bows
 + Level 0.2 Crossbows
 + Level 0.2 Throwing
 + Level 4.4 Armour
 + Level 0.2 Dodging
 + Level 2.2 Stealth
 + Level 2.4 Shields
 + Level 0.2 Unarmed Combat
 + Level 0.2 Spellcasting
 + Level 0.2 Conjurations
 + Level 0.2 Hexes
 + Level 0.2 Charms
 + Level 0.2 Summonings
 + Level 4.4 Necromancy
 + Level 2.4 Translocations
 + Level 0.2 Transmutations
 + Level 0.2 Fire Magic
 + Level 0.2 Ice Magic
 + Level 0.2 Air Magic
 + Level 0.2 Earth Magic
 + Level 0.2 Poison Magic
 + Level 0.2 Invocations
 + Level 0.2 Evocations


You had one spell level left.
You didn't know any spells.

Dungeon Overview and Level Annotations

Branches:
Dungeon (2/15)

Altars:


Innate Abilities, Weirdness & Mutations

Your experience applies equally to all skills.
You have very sharp teeth.
Your uncanny sense of smell can sniff out nearby items.


Message History

The hobgoblin hits you with a club.
You hit the hobgoblin.
You kill the hobgoblin!
You see here a club.
Found a stone staircase leading down.
Found a leather armour.
There is a stone staircase leading down here.
You climb downwards.
Found a ring mail, a bread ration and a royal jelly.
Found a stone staircase leading down and a stone staircase leading up.
There is a stone staircase leading up here.
A giant cockroach comes into view.
There is a stone staircase leading up here.
You climb upwards.
A frilled lizard and a dart slug come into view.
There is a stone staircase leading down here.
You hit the dart slug but do no damage. The dart slug barely misses you.
The dart slug launches a dart at you. The slug dart hits you!
Unknown command.
The dart slug bites you but does no damage.
There is a stone staircase leading down here.
The frilled lizard bites you but does no damage.
You climb downwards.
There is a stone staircase leading up here.
You hit the dart slug. You bite the dart slug.
The dart slug is moderately wounded.
The frilled lizard barely misses you. The dart slug launches a dart at you.
The slug dart hits you!
You hit the dart slug but do no damage.
You bite the dart slug, but do no damage.
The dart slug is moderately wounded.
The frilled lizard misses you. The dart slug closely misses you.
The frilled lizard bites you but does no damage.
You hit the dart slug.
The dart slug is heavily wounded.
The dart slug bites you but does no damage.
The frilled lizard closely misses you.
You hit the dart slug but do no damage. You bite the dart slug.
The dart slug is severely wounded.
The frilled lizard bites you. The dart slug bites you.
* * * LOW HITPOINT WARNING * * *
You hit the dart slug.
You kill the dart slug!
The frilled lizard bites you.
* * * LOW HITPOINT WARNING * * *
You hit the frilled lizard.
You kill the frilled lizard!
You see here a dart slug corpse.
There is a stone staircase leading up here.
You climb upwards.
There is a stone staircase leading down here.
Found a dented golden amulet.
Found 11 stones and a leather armour.
e - a dented golden amulet Put on which piece of jewellery? (? for menu, Esc to quit)
Oops, that amulet feels deathly cold.
e - a cursed amulet of inaccuracy (around neck)
Okay, then.
Found a ring mail.
Found a dagger.
A hobgoblin comes into view. It is wielding a club.
The hobgoblin shouts!
A kobold comes into view. It is wielding a dagger of venom.
The kobold shouts!
Found 12 gold pieces.
The hobgoblin closely misses you.
You see here 11 stones.
You hit the hobgoblin. Your bite misses the hobgoblin.
The hobgoblin is almost dead.
The hobgoblin hits you but does no damage.
You hit the hobgoblin.
You kill the hobgoblin!
You have reached level 2!
Okay, then.
You miss the kobold. The kobold closely misses you.
The kobold hits you but does no damage.
You are poisoned.
You aren't carrying any potions.
Unknown command.
Okay, then.
You feel sick.
Found 7 gold pieces.
You feel sick.
A ball python comes into view.
You feel sick.
The ball python hisses angrily.
A leopard gecko comes into view.
A frilled lizard and a bat come into view.
The frilled lizard hisses angrily.
You feel sick. The bat hits you but does no damage.
You feel sick. The bat hits you but does no damage. The bat hits you.
* * * LOW HITPOINT WARNING * * *
The bat hits you.
* * * LOW HITPOINT WARNING * * *
You aren't carrying any potions.
Unknown command.
Are you sure you want to abandon this character and quit the game? (Confirm with "yes".)

...........#......... ∆
...........#.#.....# .# ....
...........#.......# .# ....
...................# .#.....
.................#.##.#.l...
...............###..........
#..............)............
.#.#......#....###K.........
.#.##...........@###.##....
r..
......#........#.bK.S.......
...
...##..........#####..$.....
.. ..
+......>................#####.
.
##.......##########...........
.............# ...........
..##...###.#... #.......... ..
...... ..#..... ##.......... .
....... ..# .... ............


You could see a bat, a ball python and a kobold.

Vanquished Creatures
  A dart slug (D:2)
  2 hobgoblins (D:1)
  A kobold (D:1)
  A frilled lizard (D:2)
5 creatures vanquished.

Notes
Turn   | Place    | Note
-------+----------+-------------------------------------------
     0 | D:1      | tidbits the Gnoll Wanderer began the quest for the Orb.
     0 | D:1      | tidbits set off with: a book of Spatial Translocations, a +0 ring mail, the Reference Book on Black Magic, a +0 club, a bread ration
     0 | D:1      | Reached XP level 1. HP: 20/20 MP: 1/1
     0 | D:1      | Identified the Reference Book on Black Magic
   107 | D:1      | Reached XP level 2. HP: 13/26 MP: 2/2
   119 | D:1      | Quit the game

Vault maps used:
D:1:      saegor_arrival_simple_c
D:2:      zin_angel

Action                   || total
-------------------------++-------
Melee: Club              ||    15
       Bite              ||     4
Armor: Ring mail         ||     7
Dodge: Dodged            ||     9

Table legend:
 A = Spawn XP
 B = Non-spawn XP
 C = Spawn XP percentage of total XP
 D = Spawn monster count
 E = Non-spawn monster count
 F = Spawn count percentage of total count
 G = Total turns spent on level
                    A         B        C        D         E        F      G
               +---------+---------+-------+---------+---------+-------+---------
         Total |       0 |      11 |   0.0 |       0 |       5 |   0.0 |   119
               +---------+---------+-------+---------+---------+-------+---------
           D:1 |       0 |       6 |   0.0 |       0 |       3 |   0.0 |   103
           D:2 |       0 |       5 |   0.0 |       0 |       2 |   0.0 |    16
               +---------+---------+-------+---------+---------+-------+---------

Table legend:
 A = Turns spent in this place as a percentage of turns spent in the entire game.
 B = Non-inter-level travel turns spent in this place as a percentage of non-inter-level travel turns spent in the entire game.
 C = Inter-level travel turns spent in this place as a percentage of turns spent in this place.
 D = Turns resting spent in this place as a percentage of non-inter-level travel turns spent in this place.
 E = Turns spent auto-exploring this place as a percentage of non-inter-level travel turns spent in this place.
 F = Non-inter-level travel turns spent in this place divided by the number of levels of this place that you've seen.
                   A       B       C       D       E      F
               +-------+-------+-------+-------+-------+----------------------
         Total | 100.0 | 100.0 |   0.0 |   0.0 |   0.0 |  59.5
       Dungeon | 100.0 | 100.0 |   0.0 |   0.0 |   0.0 |  59.5
               +-------+-------+-------+-------+-------+----------------------

Table legend:
 A = Kills in this place as a percentage of kills in entire the game.
 B = Kills by you in this place as a percentage of kills by you in the entire game.
 C = Kills by friends in this place as a percentage of kills by friends in the entire game.
 D = Other kills in this place as a percentage of other kills in the entire game.
 E = Experience gained in this place as a percentage of experience gained in the entire game.
 F = Experience gained in this place divided by the number of levels of this place that you have seen.
                   A       B       C       D       E      F
               +-------+-------+-------+-------+-------+----------------------
         Total | 100.0 | 100.0 |   N/A |   N/A | 100.0 |   5.5
       Dungeon | 100.0 | 100.0 |   N/A |   N/A | 100.0 |   5.5
               +-------+-------+-------+-------+-------+----------------------

Vault maps used:
D:1:      saegor_arrival_simple_c
D:2:      zin_angel
